Map: Ruins of Endion

Players

Fropez - Winner!

  • Race: Protoss Protoss
  • League: Silver
  • Spawn Location: 5:00

Bryte

  • Race: Zerg Zerg
  • League: Silver
  • Spawn Location: 7:00

VOD

Have the link to the VOD?

Description

Time

  • Played on: May 18, 2016, 12:45 p.m.
  • Length: 17:57
Show
View Real Time Build Order
Export as new Build Order

Fropez Protoss - Winner!

Build Orders:  

Get SALT Encoding   

  12  0:01  Probe (Chrono Boost)  
  13  0:16  Pylon  
  13  0:19  Probe (Chrono Boost)  
  14  0:29  Probe (Chrono Boost)  
  15  0:38  Gateway  
  15  0:42  Probe (Chrono Boost)  
  16  0:52  Probe (Chrono Boost)  
  17  1:01  Gateway  
  17  1:06  Pylon  
  17  1:10  Probe (Chrono Boost)  
  18  1:17  Pylon  
  18  1:26  Probe (Chrono Boost)  
  19  1:36  Probe (Chrono Boost), Cybernetics Core  
  20  1:43  Assimilator  
  21  1:47  Probe (Chrono Boost)  
  21  1:48  Assimilator  
  21  1:57  Probe (Chrono Boost)  
  22  2:08  Probe (Chrono Boost)  
  23  2:18  Probe (Chrono Boost)  
  23  2:21  Adept x2  
  28  2:29  Probe (Chrono Boost)  
  29  2:30  Warp Gate (Chrono Boost)  
  28  2:40  Probe  
  29  2:48  Adept, Forge  
  29  2:49  Adept  
  33  2:52  Probe  
  34  3:02  Pylon  
  34  3:04  Probe  
  35  3:17  Probe  
  36  3:20  Pylon  
  36  3:21  Adept  
  36  3:22  Adept  
  36  3:24  Protoss Ground Weapons Level 1 (Chrono Boost)  
  38  4:05  Mothership Core  
  40  4:11  Twilight Council  
  40  4:15  Pylon  
  34  4:37  Pylon  
  34  4:43  Nexus  
  30  4:47  Adept x2  
  34  4:55  Probe  
  35  5:04  Photon Cannon  
  35  5:08  Photon Cannon  
  35  5:09  Pylon  
  35  5:10  Adept x2  
  39  5:21  Probe  
  40  5:25  Protoss Ground Weapons Level 2 (Chrono Boost)  
  40  5:27  Resonating Glaives (Chrono Boost)  
  40  5:33  Probe  
  40  5:34  Gateway  
  41  5:39  Gateway  
  41  5:48  Photon Cannon  
  41  5:59  Assimilator  
  41  6:05  Assimilator  
  41  6:06  Probe  
  40  6:25  Zealot x2  
  42  6:32  Photon Cannon  
  44  6:33  Pylon  
  44  6:42  Zealot x2  
  46  6:48  Probe  
  46  6:49  Probe  
  44  7:02  Zealot x2  
  44  7:08  Charge (Chrono Boost)  
  48  7:13  Probe  
  49  7:15  Probe  
  50  7:25  Probe  
  51  7:30  Probe  
  52  7:40  Probe  
  52  7:43  Pylon  
  53  7:45  Pylon  
  53  7:50  Probe  
  53  7:53  Probe  
  53  7:58  Protoss Ground Weapons Level 3 (Chrono Boost)  
  55  8:08  Robotics Facility  
  55  8:11  Robotics Facility  
  56  8:12  Probe  
  56  8:13  Probe  
  56  8:19  Adept  
  59  8:20  Adept x3  
  59  8:23  Probe  
  59  8:24  Probe  
  67  8:34  Probe  
  67  8:37  Probe  
  69  8:44  Probe  
  70  8:49  Probe  
  69  9:08  Adept x4  
  77  9:11  Immortal  
  77  9:13  Immortal  
  85  9:26  Probe  
  85  9:27  Probe  
  87  9:36  Dark Shrine  
  87  9:38  Pylon  
  87  9:51  Immortal  
  95  9:53  Immortal  
  95  10:11  Zealot  
  95  10:12  Zealot x3  
  95  10:14  Protoss Ground Armor Level 1 (Chrono Boost)  
  103  10:30  Immortal  
  103  10:32  Immortal  
  103  10:41  Nexus  
  103  10:44  Assimilator  
  103  10:48  Assimilator  
  103  10:53  Pylon  
  103  10:57  Pylon  
  103  10:58  Dark Templar x3  
  103  11:00  Dark Templar  
  111  11:09  Immortal  
  119  11:11  Immortal  
  119  11:15  Probe  
  119  11:17  Probe  
  119  11:26  Probe  
  120  11:40  Probe  
  120  11:42  Probe  
  122  11:48  Immortal  
  122  11:50  Immortal  
  122  11:51  Probe x2  
  122  11:54  Protoss Ground Armor Level 2 (Chrono Boost)  
  132  11:56  Probe  
  133  12:01  Probe  
  134  12:09  Zealot x4  
  142  12:19  Gateway x2  
  142  12:24  Gateway  
  142  12:26  Probe x2  
  142  12:27  Probe  
  145  12:39  Immortal  
  145  12:40  Immortal  
  153  12:50  Dark Templar x2  
  157  12:56  Pylon  
  157  13:03  Pylon  
  157  13:09  Pylon  
  157  13:12  Probe x2  
  157  13:14  Probe  
  160  13:23  Probe x2  
  162  13:40  Robotics Bay  
  162  13:44  Photon Cannon  
  162  13:54  Pylon x2  
  162  13:56  Pylon  
  162  13:58  Nexus  
  162  14:05  Pylon  
  162  14:14  Warp Prism x2  
  162  14:16  Probe  
  167  14:26  Protoss Ground Armor Level 3 (Chrono Boost)  
  167  14:35  Dark Templar  
  169  14:45  Probe  
  170  14:52  Dark Templar x6  
  182  15:04  Assimilator  
  182  15:05  Assimilator  
  182  15:10  Pylon  
  182  15:42  Nexus  
  180  15:45  Assimilator  
  180  15:48  Assimilator  
  180  15:51  Zealot x6  
  180  15:52  Zealot  
  180  15:54  Pylon  
  180  15:56  Pylon  
  194  15:59  Pylon x2  
  182  16:13  Dark Templar x4  
  182  16:14  Dark Templar x3  
  186  16:49  Stalker x6  
  186  16:50  Stalker  
Show
View Real Time Build Order
Export as new Build Order

Bryte Zerg 

Build Orders: Hatch First 

Get SALT Encoding   

  12  0:01  Drone  
  13  0:34  Hatchery  
  12  0:36  Drone  
  13  0:53  Spawning Pool  
  12  1:02  Overlord  
  12  1:07  Drone  
  13  1:22  Drone  
  14  1:39  Drone x3  
  17  1:48  Queen  
  19  1:59  Queen  
  21  2:11  Drone x2  
  21  2:13  Extractor  
  22  2:34  Zergling x6  
  25  2:50  Evolution Chamber  
  24  2:53  Drone  
  25  3:00  Drone  
  25  3:04  Zergling x4  
  28  3:10  Overlord x4  
  26  3:42  Zergling x10  
  26  3:43  Zergling x2  
  26  3:46  Queen  
  33  4:04  Metabolic Boost  
  30  4:10  Queen  
  30  4:17  Zergling x10  
  33  4:22  Zerg Melee Weapons Level 1  
  37  4:24  Zergling x8  
  36  4:47  Drone x3  
  36  4:50  Spore Crawler  
  38  4:57  Spore Crawler  
  37  5:00  Zergling x4  
  37  5:01  Zergling x2  
  40  5:10  Drone  
  40  5:11  Drone  
  42  5:22  Drone x3  
  45  5:33  Zergling x4  
  45  5:34  Zergling x2  
  48  5:41  Drone  
  49  5:57  Baneling Nest, Drone  
  49  6:02  Lair  
  44  6:29  Zergling x10  
  44  6:30  Zergling x2  
  47  6:43  Spine Crawler  
  42  6:53  Drone x6  
  42  6:54  Drone x2  
  47  7:11  Spine Crawler  
  46  7:17  Spine Crawler  
  45  7:27  Drone x3  
  48  7:40  Roach Warren  
  47  7:46  Drone x2  
  49  7:59  Drone x2  
  49  8:03  Drone x2  
  53  8:19  Zerg Melee Weapons Level 2  
  53  8:27  Evolution Chamber  
  53  8:29  Glial Reconstitution  
  52  8:47  Drone x3  
  55  8:49  Hatchery  
  54  9:15  Drone x3  
  57  9:51  Roach  
  59  9:56  Overlord x3  
  59  9:57  Overlord  
  59  10:01  Queen  
  59  10:03  Queen  
  63  10:07  Zerg Missile Weapons Level 1  
  63  10:17  Centrifical Hooks  
  59  10:37  Queen  
  59  10:39  Queen  
  63  10:50  Roach x4  
  63  10:51  Roach  
  63  10:54  Zerg Ground Armor Level 1  
  73  11:08  Extractor  
  73  11:10  Extractor  
  71  11:12  Extractor  
  70  11:55  Spine Crawler  
  69  12:03  Spine Crawler  
  69  12:04  Spine Crawler, Drone x2  
  69  12:05  Drone x2  
  69  12:06  Roach x2  
  69  12:07  Roach x2  
  79  12:12  Baneling x3  
  79  12:25  Drone x2  
  79  12:28  Drone x3  
  84  12:40  Zerg Missile Weapons Level 2  
  84  13:15  Ravager x3  
  87  13:31  Spine Crawler  
  86  13:40  Drone x2  
  86  13:41  Drone  
  89  13:43  Overlord x2  
  89  13:44  Overlord  
  89  13:54  Drone  
  90  14:07  Infestation Pit  
  89  14:41  Baneling x3  
  89  14:42  Baneling x5  
  89  14:55  Spire  
  88  15:01  Roach x4  
  81  16:25  Spore Crawler  
Tags
 
Matchup
PvZ
Replay Pack
All Mines
Spawn Locations
Close Positions
Add a new tag
Caveats
  • Supply blocks, unpowered buildings, or Contaminate may cause inaccurate times.
  • Supply counts are checked every 10 seconds.